 Dungeon Crawl Stone Soup version 0.27-a0-1196-g3e9cee4cb2 (webtiles) character file.

Game seed: 9354106978059850102

228 Glokmah the Charlatan (level 6, 0/70 HPs)
             Began as a Formicid Artificer on May 29, 2021.
             Was a Follower of Okawaru.
             Slain by an orc wizard
             ... wielding a +1 dagger of venom
              (1 damage)
             ... on level 3 of the Dungeon.
             The game lasted 00:12:28 (5174 turns).

Glokmah the Charlatan (Formicid Artificer)          Turns: 5174, Time: 00:12:29

Health: 0/70       AC: 23    Str: 14 (17) XL:     6   Next: 23%
Magic:  6/6        EV:  2    Int:  7 (10) God:    Okawaru [*.....]
Gold:   119        SH:  0    Dex: 12 (13) Spells: 5/5 levels left

rFire    . . .     SeeInvis .   a - +0 glaive
rCold    . . .     Faith    .   (no shield)
rNeg     + + +     Spirit   .   (armour currently unavailable)
rPois    +         Reflect  .   (helmet unavailable)
rElec    .         Harm     .   (cloak currently unavailable)
rCorr    .         Rampage  .   (gloves currently unavailable)
Will     .....                  (boots currently unavailable)
Stlth    +.........             (no amulet)
HPRegen  0.21/turn              (no ring)
MPRegen  0.10/turn              (no ring)

@: confused, lethally poisoned (0 -> -4), tree-form (expiring)
A: stationary, stasis, torment immunity, boosted hp, permanent stasis, dig
shafts and tunnels, (antennae 3), four strong arms
a: Renounce Religion, Heroism


You were on level 3 of the Dungeon.
You worshipped Okawaru.
Okawaru was aware of your devotion.
You were a tree.
You visited 1 branch of the dungeon, and saw 3 of its levels.

You collected 119 gold pieces.

Inventory:

Hand Weapons
 a - a +0 glaive (weapon)
 s - a +6 scythe of pain
Armour
 n - a +0 cloak (melded)
 r - a +0 scale mail (melded)
Wands
 b - a wand of digging (5)
 c - a wand of flame (3)
 d - a wand of charming (12)
 k - a wand of polymorph (9) (quivered)
Scrolls
 f - 2 scrolls of enchant weapon
 g - a scroll of identify
 o - a scroll of vulnerability {unknown}
 q - a scroll of fog {unknown}
Miscellaneous
 e - a piece from Xom's chessboard (15/15)


   Skills:
 + Level 3.3 Fighting
 * Level 2.0 Polearms
 - Level 2.1 Armour
 - Level 0.8 Dodging
 - Level 1.2 Stealth
 * Level 5.7 Evocations


You had 5 spell levels left.
You didn't know any spells.
Your spell library contained the following spells:

 Spells                   Type           Power      Damage    Failure   Level
 Magic Dart               Conj           0%         1d3       43%         1
 Call Imp                 Summ           0%         N/A       56%         2
 Slow                     Hex            0%         N/A       56%         2
 Conjure Flame            Conj/Fire      0%         6-21      80%         3
 Mephitic Cloud           Conj/Pois/Air  0%         N/A       80%         3
 Blink                    Tloc           Unusable   N/A       N/A         2

Dungeon Overview and Level Annotations

Branches:
Dungeon (3/15)

Altars:
Okawaru

Shops:
D:1 (

Annotations:
D:3 Sigmund


Innate Abilities, Weirdness & Mutations

You are a tree.
Your roots penetrate the ground, keeping you stationary.
You cannot be teleported.
You are immune to unholy pain and torment.
Your maximum health is greatly increased.
Your equipment is partially melded.
You cannot be hasted, slowed, berserked, paralysed or teleported.
You can dig through walls and to a lower floor.
((You have a pair of large antennae on your head. (SInv)))
Your four strong arms can wield two-handed weapons with a shield.


Message History

You feel very sick.
The orc wizard hits you but does no damage.
You are lethally poisoned!
The orc wizard hits you but does no damage.
As you read the scroll labelled TEEPACW PUUTHI, it crumbles to dust.
It is a scroll of identify.
f - 2 scrolls of enchant weapon
* * * LOW HITPOINT WARNING * * *
You feel very sick.
The orc wizard points at you and mumbles some strange words.
You are confused.
You are too confused!
There's something in the way.
You miss the orc wizard.
The orc wizard is lightly wounded.
Your transformation is almost over.
* * * LOW HITPOINT WARNING * * *
You feel very sick.
The orc wizard hits you but does no damage.
There's something in the way.
There's something in the way.
There's something in the way.
You barely miss the orc wizard.
The orc wizard is lightly wounded.
* * * LOW HITPOINT WARNING * * *
You feel very sick.
The orc wizard hits you but does no damage.
The orc wizard casts a spell at you. You resist with some effort.
You cannot move. (Use ctrl+direction or * direction to attack without moving.)
You cannot move. (Use ctrl+direction or * direction to attack without moving.)
You cannot move. (Use ctrl+direction or * direction to attack without moving.) There's something in the way.
You closely miss the orc wizard.
The orc wizard is lightly wounded.
* * * LOW HITPOINT WARNING * * *
You feel sick.
The orc wizard hits you but does no damage.
The orc wizard hits you with a +1 dagger of venom.
You die...

.##.#.# #...#.# ######
.##.#.####.#.#.#
.##.#.##<#.###.#
..#......#.†...# #####
.........#.##### #<..#
#####.##.#....# ###.#
#.##.##†#.#### # ###
#.##..#†##...# †.#
#.#####..###♣# #.#
#...#.....##o# #.#
#...#.....##z).....#
#'###.#.#....#####.....#
....'...##...#### .....#
#'###..######...# ....#
#.# #..#######(.# ....#
#.# #........#.## ####
..# #..#########


You could see a wight and an orc wizard.

Vanquished Creatures
  A killer bee (D:3)
  A wight (D:3)
  2 gnolls (D:2)
  2 adders (D:2)
  3 worms
  2 dart slugs
  2 orcs (D:3)
  7 endoplasms
  3 giant cockroaches (D:1)
  6 goblins
  5 hobgoblins
  7 jackals
  4 kobolds
  5 quokkas
  6 ball pythons
  10 bats
  4 frilled lizards
  25 rats
95 creatures vanquished.

Vanquished Creatures (collateral kills)
  A goblin (D:2)
1 creature vanquished.

Vanquished Creatures (others)
  A gnoll (D:2)
  A fungus (D:3)
2 creatures vanquished.

Grand Total: 98 creatures vanquished

Notes
Turn   | Place    | Note
-------+----------+-------------------------------------------
     0 | D:1      | Glokmah the Formicid Artificer began the quest for the Orb.
     0 | D:1      | Reached XP level 1. HP: 15/15 MP: 1/1
    53 | D:1      | Reached XP level 2. HP: 6/21 MP: 2/2
   271 | D:1      | Found Zeipaff's Antique Weapon Boutique.
   660 | D:1      | Reached skill level 4 in Evocations
   751 | D:1      | Reached XP level 3. HP: 17/27 MP: 3/3
  1842 | D:2      | HP: 1/27 [goblin/+0 dagger (1)]
  2182 | D:2      | Reached XP level 4. HP: 27/34 MP: 4/4
  2919 | D:2      | Reached skill level 5 in Evocations
  3650 | D:3      | Reached XP level 5. HP: 39/39 MP: 5/5
  3844 | D:3      | Reached skill level 1 in Polearms
  4076 | D:3      | Found a runed translucent door.
  4077 | D:3      | Noticed Crazy Yiuf
  4081 | D:3      | Noticed Crazy Yiuf
  4081 | D:3      | Crazy Yiuf changed into Crazy Yiuf the swamp drake
  4082 | D:3      | Noticed Crazy Yiuf
  4082 | D:3      | Crazy Yiuf the swamp drake changed into Crazy Yiuf the
                  | killer bee
  4090 | D:3      | Killed Crazy Yiuf the killer bee
  4091 | D:3      | Reached XP level 6. HP: 8/47 MP: 6/6
  4690 | D:3      | Found a faded altar of an unknown god.
  4700 | D:3      | Became a worshipper of Warmaster Okawaru
  4700 | D:3      | Reached * piety under Okawaru
  4726 | D:3      | Noticed Sigmund
  4728 | D:3      | Noticed Sigmund
  4728 | D:3      | Sigmund changed into Sigmund the killer bee
  5173 | D:3      | HP: 3/70 [poisoned by an orc wizard]
  5174 | D:3      | HP: 1/70 [poisoned by an orc wizard]
  5174 | D:3      | Slain by an orc wizard

Illustrated notes

Levels and vault maps discovered:
D:1:      tarquinn_simple_flora_water_e, layout_rooms, serial_shops, shop
D:2:      layout_basic
D:3:      layout_basic, hellmonk_ecumenical_altar_pennies_from_heaven,
          grunt_decor_fettered, grunt_ministairs_3, minmay_door_square,
          minmay_rat_hole, uniq_crazy_yiuf_cottage, uniq_sigmund

Skill      XL: |  1  2  3  4  5  6 |
---------------+-------------------+-----
Evocations     | 4 5 |  5.7
Fighting       | 2 3 |  3.3
Polearms       | 1 2 |  2.0
Armour         | |  2.1
Dodging        | |  0.8
Stealth        | |  1.2

Action                   |  1- 3 |  4- 6 || total
-------------------------+-------+-------++-------
Melee: Dagger            |   186 |    40 ||   226
       Club              |     5 |       ||     5
       Halberd           |       |    65 ||    65
       Glaive            |       |   114 ||   114
Invok: Heroism           |       |     1 ||     1
Evoke: Wand              |     3 |    15 ||    18
       Piece from Xom's  |     3 |     4 ||     7
  Use: Potion            |       |     6 ||     6
       Scroll            |       |     1 ||     1
 Stab: Sleeping          |     1 |     4 ||     5
Armor: Leather armour    |    75 |    12 ||    87
       Scale mail        |       |    77 ||    77
       Skin              |       |    11 ||    11
Dodge: Dodged            |   142 |   130 ||   272

Table legend: (Time is in decaauts)
 A = Elapsed time spent in this place.
 B = Non-inter-level travel time spent in this place.
 C = Inter-level travel time spent in this place.
 D = Time resting spent in this place.
 E = Time spent auto-exploring this place.
 F = Levels seen in this place.
 G = Mean time per level.
                   A        B        C        D        E       F      G
               +--------+--------+--------+--------+--------+-----+--------+
         Total |   5279 |   5009 |    270 |   2025 |   1646 |   3 | 1759.7 |
       Dungeon |   5279 |   5009 |    270 |   2025 |   1646 |   3 | 1759.7 |
               +--------+--------+--------+--------+--------+-----+--------+

Top non-repeatable levels by time:
     D:1: 1931 daAuts
     D:2: 1861 daAuts
     D:3: 1486 daAuts
